 Dungeon Crawl Stone Soup version 0.31-a0-965-g8a8ce12e04 (webtiles) character file.

Game seed: 2661245504701452721

380 lunkers the Insei (level 7, 0/44 HPs)
             Began as a Meteoran Shapeshifter on Oct 26, 2023.
             Was an Initiate of Trog.
             Slain by Menkaure (3 damage)
             ... on level 4 of the Dungeon.
             The game lasted 00:04:47 (1780 turns).

lunkers the Insei (Meteoran Shapeshifter)           Turns: 1780, Time: 00:04:48

Health: 0/44       AC: 13    Str: 15    XL:     7   Next: 25%
Magic:  8/8        EV: 10    Int: 12    God:    Trog [......]
Gold:   162        SH:  0    Dex: 16    Spells: 6/6 levels left

rFire   . .          .
                       - Unarmed
rCold   . . .        (shield currently unavailable)
rNeg    . . .        r - +3 scale mail {rPois}
rPois   +            m - +1 helmet
rElec   .            o - +0 cloak
rCorr   .            e - +0 pair of gloves
SInv    .            (no boots)
Will    .....        (no amulet) Stlth
                     i - ring of flight
HPRegen 0.27/turn    (no ring)
MPRegen 0.11/turn

%: no passive effects
@: flux-form, flying, glowing, studying Shields
A: glow, contaminating, reduced hp, sense surroundings 1, otherworldly, glowing,
explore regen
a: Begin Untransformation, Renounce Religion


You were on level 4 of the Dungeon.
You worshipped Trog.
Trog was noncommittal.
You were something dangerously unstable.
You visited 1 branch of the dungeon, and saw 4 of its levels.

You collected 162 gold pieces.

Inventory:

Armour
 e - a +0 pair of gloves (worn)
 m - a +1 helmet (worn)
 o - a +0 cloak (worn)
 r - a +3 scale mail of poison resistance (worn)
Jewellery
 i - a ring of flight (left hand)
Talismans
 c - a beast talisman
 d - a flux talisman (active)
Wands
 q - a wand of mindburst (6)
Scrolls
 f - a scroll of teleportation {unknown}
 k - a scroll of poison {unknown}
 l - a scroll of torment {unknown}
 n - a scroll of identify {unknown}
 s - a scroll of blinking {unknown}
Potions
 a - a potion of attraction {unknown}
 b - a potion of lignification
 g - a potion of heal wounds {unknown}
 h - a potion of enlightenment {unknown}
 p - a potion of haste {unknown}


   Skills:
 - Level 1.1 Fighting
 - Level 2.1 Dodging
 * Level 7.5 Unarmed Combat
 + Level 5.6 Shapeshifting


You had 6 spell levels left.
You didn't know any spells.
Your spell library was empty.

Dungeon Overview and Level Annotations

Branches:
Dungeon (4/15) Zot: 641
 Temple: D:4-7

Altars:
Trog
Uskayaw

Shops:
D:1 =   D:3 =

Annotations:
D:3 2 runed translucent doors
D:4 Menkaure


Innate Abilities, Weirdness & Mutations

You are something dangerously unstable.
You glow with magical radiation, making you easy to see and hit.
Foes you strike become dangerously contaminated with magical radiation.
Your maximum health is decreased, since you lack skill for your form.
You are incapable of wielding weapons or throwing items.
You passively map a small area around you.
You are easily found by Zot.
You glow in the dark.
You regain HP and MP as you explore.


Message History

The orc is severely wounded.
The orc closely misses you.
You hit the orc.
You kill the orc!
Trog accepts your kill.
No target in view!
No target in view!
No target in view!
No target in view!
No target in view!
No target in view!
No target in view!
No target in view!
No target in view!
You now have 162 gold pieces (gained 14).
Menkaure, Prince of Dust comes into view.
Menkaure gestures at you while chanting.
Pain shoots through your body!
Found a whip.
You hit Menkaure.
Menkaure begins to glow.
Menkaure is lightly damaged.
Menkaure calls on the powers of darkness!
Your body is wracked with pain!
* * * LOW HITPOINT WARNING * * *
You are too injured to fight recklessly!
You hit Menkaure but do no damage.
Menkaure glows dangerously bright.
Menkaure is lightly damaged.
Menkaure hums in an indecipherable tongue.
Menkaure hits you!
* * * LOW HITPOINT WARNING * * *
You hit Menkaure.
Menkaure shudders as magic cascades through him!
Menkaure is heavily damaged.
Menkaure barely misses you.
You hit Menkaure.
Menkaure begins to glow.
Menkaure is severely damaged.
You hit Menkaure.
Menkaure glows dangerously bright.
Menkaure is severely damaged.
Menkaure hits you.
You die...

..####....##. *
#..##...#.#..
........#.#.##
............. *
............# #####
..........#.# #)..#
............####...#
....).)............#
.........#..####p..#
............# #.M.#
.#......###.# #...#
#######..#..# #####
#..#..# #....##
#.#..## ##....#
#....#


You could see Menkaure (heavy contam).

Vanquished Creatures
  An ice beast (D:4)
  A hound (D:3)
  An orc priest (D:3)
  Ijyb (D:3)
  Natasha (thrice) (D:3)
  Terence (D:3)
  Robin (D:3)
  A gnoll (D:1)
  2 adders (D:2)
  A dart slug (D:2)
  5 orcs
  5 endoplasms
  A giant cockroach (D:2)
  12 goblins
  7 hobgoblins
  7 kobolds
  2 quokkas
  3 ball pythons
  5 bats
  5 frilled lizards
  4 rats
69 creatures vanquished.

Notes
Turn   | Place    | Note
-------+----------+-------------------------------------------
     0 | D:1      | lunkers the Meteoran Shapeshifter began the quest for the
                  | Orb.
     0 | D:1      | Reached XP level 1. HP: 16/16 MP: 2/2
    54 | D:1      | Reached skill level 4 in Unarmed Combat
    54 | D:1      | Reached XP level 2. HP: 6/23 MP: 3/3
    98 | D:1      | Reached XP level 3. HP: 28/28 MP: 4/4
   394 | D:1      | Found Hioriof's Jewellery Shoppe.
   635 | D:2      | Reached XP level 4. HP: 28/35 MP: 5/5
   652 | D:2      | Identified a scroll of acquirement
   652 | D:2      | Acquired a manual of Shields
   932 | D:2      | Reached skill level 5 in Unarmed Combat
  1107 | D:2      | Glimpsed the power of Zot.
  1133 | D:3      | Found Apidgh's Jewellery Shoppe.
  1145 | D:3      | Reached XP level 5. HP: 35/40 MP: 6/6
  1149 | D:3      | Noticed Natasha
  1158 | D:3      | Killed Natasha
  1242 | D:3      | Found a large runed translucent door.
  1242 | D:3      | Found a large runed translucent door.
  1264 | D:3      | Noticed Robin
  1265 | D:3      | Noticed Natasha
  1288 | D:3      | Reached skill level 6 in Unarmed Combat
  1292 | D:3      | Killed Robin
  1294 | D:3      | Killed Natasha
  1295 | D:3      | Reached XP level 6. HP: 11/47 MP: 7/7
  1306 | D:3      | Noticed Natasha
  1313 | D:3      | Killed Natasha
  1314 | D:3      | Reached skill level 5 in Shapeshifting
  1423 | D:3      | Found a bloodstained altar of Trog.
  1442 | D:3      | Became a worshipper of Trog the Wrathful
  1487 | D:3      | Found a hide-covered altar of Uskayaw.
  1487 | D:3      | Noticed Terence
  1497 | D:3      | Killed Terence
  1605 | D:3      | Noticed Ijyb
  1618 | D:3      | Killed Ijyb
  1619 | D:3      | Reached skill level 7 in Unarmed Combat
  1704 | D:4      | Noticed an ice beast
  1714 | D:4      | Killed an ice beast
  1715 | D:4      | Reached XP level 7. HP: 32/52 MP: 8/8
  1773 | D:4      | Noticed Menkaure
  1780 | D:4      | Slain by Menkaure

Illustrated notes

Levels and vault maps discovered:
D:1:      saegor_arrival_miasma, layout_loops_cross, serial_shops,
          nicolae_shop_trees, minmay_misc_feat_encased,
          minmay_tree_intersection, serial_park_tiny_1
D:2:      layout_loops_corners, basic_altar, kennysheep_generic_room_16
D:3:      layout_basic, nicolae_overflow_crystal_walls,
          mainiacjoe_overflow_catwalk, lemuel_tele_altar, serial_shops, shop,
          ebering_ghost_disaster_area, uniq_robin, uniq_ijyb, uniq_natasha,
          uniq_terence
D:4:      layout_rooms, minmay_misc_feat_secret_circle, chequers_garden,
          uniq_crazy_yiuf_cottage, uniq_menkaure

Skill      XL: |  1  2  3  4  5  6 |
---------------+-------------------+-----
Unarmed Combat | 4 5 6 7 |  7.5
Shapeshifting  | 4 5 |  5.6
Fighting       | |  1.1
Dodging        | |  2.1

Action                     |  1- 3 |  4- 6 |  7- 9 || total
---------------------------+-------+-------+-------++-------
  Melee: Unarmed           |    61 |   126 |    13 ||   200
         Punch             |       |     5 |       ||     5
    Use: Scroll            |       |     2 |       ||     2
 Armour: Animal skin       |    23 |       |       ||    23
         Ring mail         |       |    82 |       ||    82
         Scale mail        |       |     6 |     5 ||    11
  Dodge: Dodged            |    37 |    58 |     4 ||    99
   Form: Flux              |       |     1 |       ||     1

Table legend: (Time is in decaauts)
 A = Elapsed time spent in this place.
 B = Non-inter-level travel time spent in this place.
 C = Inter-level travel time spent in this place.
 D = Time resting spent in this place.
 E = Time spent auto-exploring this place.
 F = Levels seen in this place.
 G = Mean time per level.
                   A        B        C        D        E       F      G
               +--------+--------+--------+--------+--------+-----+--------+
         Total |   1758 |   1737 |     21 |      0 |   1188 |   4 |  439.5 |
       Dungeon |   1758 |   1737 |     21 |      0 |   1188 |   4 |  439.5 |
               +--------+--------+--------+--------+--------+-----+--------+

Top non-repeatable levels by time:
     D:2: 707 daAuts
     D:3: 544 daAuts
     D:1: 418 daAuts
     D:4: 88 daAuts
